 Dungeon Crawl Stone Soup version 0.28.0-43-g3370ac3207 (webtiles) character file.

Game seed: 3546887049228804123

8129 nickcage the Destroyer (level 11, -14/74 HPs)
             Began as a Red Draconian Conjurer on Mar 28, 2022.
             Was an Elder of Vehumet.
             Shot with an arrow by a centaur warrior (21 damage)
             ... on level 9 of the Dungeon.
             The game lasted 01:01:43 (11430 turns).

nickcage the Destroyer (Red Draconian Conjurer)    Turns: 11430, Time: 01:01:43

Health: -14/74     AC: 10    Str: 11    XL:     11   Next: 5%
Magic:  14/24      EV: 16    Int: 22    God:    Vehumet [****..]
Gold:   175        SH:  0    Dex:  9    Spells: 9/28 levels left

rFire   + . .      SeeInvis +   a - +6 long sword
rCold   + . .      Faith    .   (no shield)
rNeg    . . .      Spirit   .   (armour unavailable)
rPois   .          Reflect  .   (helmet restricted)
rElec   +          Harm     .   (no cloak)
rCorr   .          Rampage  .   o - +0 pair of gloves
Will    .....                   E - +1 pair of boots
Stlth   ++........              k - amulet of magic regeneration
HPRegen 0.22/turn               t - ring of see invisible
MPRegen 0.59/turn               f - ring of Eckiufus {rElec rC+ EV+4}

@: about to teleport, short of breath, very slightly contaminated
A: breathe fire, AC +7, unfitting armour, fire resistance 1, cold-blooded
a: Breathe Fire, Renounce Religion


You were on level 9 of the Dungeon.
You worshipped Vehumet.
Vehumet was greatly pleased with you.
You visited 2 branches of the dungeon, and saw 10 of its levels.

You collected 567 gold pieces.
You spent 392 gold pieces at shops.

Inventory:

Hand Weapons
 a - a +6 long sword (weapon)
 H - a +1 morningstar of protection
Armour
 o - a +0 pair of gloves (worn)
 E - a +1 pair of boots (worn)
Magical Staves
 q - a staff of air
Jewellery
 f - the ring of Eckiufus (right hand) {rElec rC+ EV+4}
   (You acquired it on level 8 of the Dungeon)

   [ring of evasion]

   EV:        It affects your evasion (+4).
   rC:        It protects you from cold.
   rElec:     It insulates you from electricity.
 k - an amulet of magic regeneration (around neck)
 t - a ring of see invisible (left hand)
 u - a ring of flight
 x - a ring of poison resistance
 A - a ring of positive energy
Wands
 s - a wand of charming (4)
 y - a wand of paralysis (20)
 D - a wand of flame (23)
Scrolls
 b - 4 scrolls of teleportation
 c - a scroll of enchant weapon
 g - a scroll of silence
 l - a scroll of vulnerability
 m - 2 scrolls of blinking
 z - a scroll of immolation
Potions
 d - 6 potions of curing
 e - 2 potions of lignification {unknown}
 h - 2 potions of haste {unknown}
 i - a potion of flight {unknown}
 j - 2 potions of degeneration
 n - a potion of mutation {unknown}
 p - a potion of heal wounds {unknown}
 r - 3 potions of might
 v - 2 potions of magic
 C - a potion of attraction {unknown}
 G - a potion of ambrosia {unknown}


   Skills:
 - Level 0.1 Maces & Flails
 - Level 1.7 Dodging
 - Level 1.7 Stealth
 - Level 9.0 Spellcasting
 + Level 13.5 Conjurations
 + Level 1.4 Translocations
 * Level 5.6 Air Magic


You had 9 spell levels left.
You knew the following spells:

 Your Spells              Type           Power      Damage    Failure   Level
a - Magic Dart            Conj           100%       1d8       1%          1
b - Searing Ray           Conj           100%       2d8       1%          2
c - Fulminant Prism       Conj/Hex       19%        3d11      1%          4
d - Mephitic Cloud        Conj/Pois/Air  38%        N/A       1%          3
e - Iskenderun's Mystic   Conj/Tloc      42%        2d10      1%          4
f - Irradiate             Conj/Tmut      19%        3d20      3%          5

Your spell library contained the following spells:

 Spells                   Type           Power      Damage    Failure   Level
 Inner Flame              Hex/Fire       9%         N/A       5%          3
 Poisonous Vapours        Pois/Air       44%        N/A       1%          2
 Dazzling Flash           Conj/Hex       78%        N/A       1%          3
 Apportation              Tloc           32%        N/A       3%          1
 Corpse Rot               Necr/Air       44%        N/A       3%          2
 Animate Skeleton         Necr           18%        N/A       7%          1
 Summon Small Mammal      Summ           36%        N/A       7%          1
 Call Imp                 Summ           9%         N/A       10%         2
 Dragon Form              Tmut           4%         N/A       100%        7


Dungeon Overview and Level Annotations

Branches:
Dungeon (9/15)             Temple (1/1) D:5
   Lair: D:8-11         Orc: D:9-12

Altars:
Ashenzari
Cheibriados
Dithmenos
Elyvilon
Fedhas
Gozag
Kikubaaqudgha
Makhleb
Nemelex Xobeh
Okawaru
Qazlal
Ru
Sif Muna
Trog
Uskayaw
Vehumet
Wu Jian
Xom
Yredelemnul
Zin
The Shining One

Shops:
D:2 :

Annotations:
D:8 1 runed translucent door
D:9 Erica


Innate Abilities, Weirdness & Mutations

You can breathe blasts of fire.
Your fiery red scales are hard. (AC +7)
You cannot fit into any form of body armour.
Your flesh is heat resistant. (rF+)
You are cold-blooded and may be slowed by cold attacks.


Message History

Press: ? - help, Shift-Dir - straight line, f/p - cyclops
Aim: a cyclops, quivering large rocks (severely wounded, 97% to hit)
You breathe a blast of fire.
The fiery breath hits the cyclops!
You kill the cyclops!
Vehumet accepts your kill.
You have reached level 11!
An orc warrior comes into view. It is wielding a +0 scimitar.
Casting: Searing Ray (safe; 1% risk of failure)
Confirm with . or Enter, or press ? or * to list all spells.
Aiming: Searing Ray (safe; 1% risk of failure)
Press: ? - help, Shift-Dir - straight line, f - orc warrior
Aim: an orc warrior, wielding a +0 scimitar and wearing a +0 chain mail (81% to hit)
The searing ray hits the orc warrior.
The orc warrior is lightly wounded. (Press . to maintain the ray.)
The orc warrior hits you with a +0 scimitar.
* * * LOW HITPOINT WARNING * * *
Casting: Searing Ray (safe; 1% risk of failure)
Confirm with . or Enter, or press ? or * to list all spells.
You erupt in a fountain of uncontrolled magic!
The orc warrior is blasted with magical radiation!!
The orc warrior is almost dead.
The orc warrior twists and deforms.
You are very lightly contaminated with residual magic.
The orc warrior hits you but does no damage.
Casting: Irradiate (dangerous; 3% risk of failure)
Confirm with . or Enter, or press ? or * to list all spells.
You erupt in a blast of force!
The mystic blast hits the orc warrior.
The orc warrior is lightly wounded.
The orc warrior is knocked back by the mystic blast.
The mystic blast hits the orc warrior!
You kill the orc warrior!
Vehumet accepts your kill.
You hear a shout! x2
A centaur warrior comes into view.
As you read the scroll of teleportation, it crumbles to dust.
You feel strangely unstable.
The centaur warrior wields a +0 longbow.
The centaur warrior shoots an arrow.
The arrow hits you!!
You die...

### ##.##
##...##
#.o.)@#
#...###
#.....#
#....#........
##.[.##.......
..#.. ...|...
.c.#.. #......
... ..# .....#
.. #.. ....##


You could see a centaur warrior and an orc warrior.

Vanquished Creatures
  A cyclops (D:9)
  Maurice (D:9)
  2 shadows (D:8)
  3 wraiths (D:8)
  A wyvern (D:7)
  17 fire bats (D:8)
  A steam dragon (D:7)
  2 acid dragons
  2 water moccasins
  4 sky beasts (D:6)
  3 orc warriors
  2 black bears
  A necrophage (D:6)
  5 ogres
  The ghost of Pinkishskies the Magician, an amateur DjFE (D:4)
  3 centaurs
  A kobold brigand (D:8)
  3 bullfrogs
  A gnoll sergeant (D:8)
  4 scorpions
  A water moccasin zombie (D:5)
  6 killer bees (D:8)
  9 wights
  A centaur zombie (D:8)
  3 hounds
  2 bullfrog skeletons (D:6)
  A bullfrog zombie (D:7)
  2 orc priests
  2 centaur skeletons (D:7)
  3 iguanas
  2 orc wizards
  2 killer bee zombies
  7 gnolls
  4 adders
  A white imp (D:8)
  An adder skeleton (D:4)
  A worm (D:3)
  4 dart slugs
  30 orcs
  75 bats
  5 endoplasms
  3 giant cockroaches
  8 goblins
  5 hobgoblins
  5 jackals (D:2)
  2 quokkas
  5 ball pythons
  3 frilled lizards
  7 kobolds
  3 rats
261 creatures vanquished.

Vanquished Creatures (others)
  6 fulminant prisms
6 creatures vanquished.

Grand Total: 267 creatures vanquished

Notes
Turn   | Place    | Note
-------+----------+-------------------------------------------
     0 | D:1      | nickcage the Draconian Conjurer began the quest for the
                  | Orb.
     0 | D:1      | Reached XP level 1. HP: 14/14 MP: 3/3
   290 | D:1      | Reached XP level 2. HP: 20/20 MP: 0/5
   790 | D:1      | Found a faded altar of an unknown god.
   965 | D:1      | Learned a level 2 spell: Searing Ray
  1144 | D:2      | Reached skill level 5 in Conjurations
  1198 | D:2      | Reached XP level 3. HP: 26/26 MP: 0/6
  1345 | D:2      | Found Lidiher's Book Emporium.
  1746 | D:2      | Reached XP level 4. HP: 33/33 MP: 4/7
  1945 | D:2      | Learned a level 4 spell: Fulminant Prism
  2035 | D:3      | Noticed a water moccasin
  2045 | D:3      | Killed a water moccasin
  2046 | D:3      | Reached skill level 6 in Conjurations
  2046 | D:3      | Reached XP level 5. HP: 29/38 MP: 1/8
  3508 | D:4      | Noticed an ogre
  3513 | D:4      | Killed an ogre
  3514 | D:4      | Reached skill level 7 in Conjurations
  3514 | D:4      | Reached XP level 6. HP: 45/45 MP: 4/10
  3518 | D:4      | Learned a level 3 spell: Mephitic Cloud
  4147 | D:4      | Found a runed translucent door.
  4147 | D:4      | Noticed Pinkishskies's ghost (amateur DjFE)
  4275 | D:5      | Entered Level 5 of the Dungeon
  4309 | D:5      | Your scales start taking on a fiery red colour.
  4309 | D:5      | Reached XP level 7. HP: 50/50 MP: 3/12
  4309 | D:5      | Gained mutation: Your flesh is heat resistant. (rF+) [Red
                  | Draconian growth]
  4386 | D:5      | Found a staircase to the Ecumenical Temple.
  4410 | D:5      | Reached skill level 1 in Air Magic
  4411 | Temple   | Entered the Ecumenical Temple
  4498 | Temple   | Became a worshipper of Vehumet
  4623 | D:5      | Reached skill level 8 in Conjurations
  5647 | D:5      | Found a basalt altar of Yredelemnul.
  5647 | D:5      | Found a sacrificial altar of Ru.
  5757 | D:6      | Reached XP level 8. HP: 57/57 MP: 8/15
  5818 | D:6      | Reached skill level 5 in Spellcasting
  6393 | D:6      | Reached skill level 9 in Conjurations
  6458 | D:6      | Found a bloodstained altar of Trog.
  6808 | D:6      | Found an ancient bone altar of Kikubaaqudgha.
  7200 | D:6      | Learned a level 4 spell: Iskenderun's Mystic Blast
  7235 | D:7      | Reached * piety under Vehumet
  7235 | D:7      | Offered knowledge of Foxfire by Vehumet.
  7236 | D:7      | Reached skill level 10 in Conjurations
  7236 | D:7      | Reached XP level 9. HP: 59/62 MP: 7/18
  8557 | D:4      | Killed Pinkishskies's ghost
  8987 | D:7      | Reached skill level 11 in Conjurations
  9501 | D:8      | Offered knowledge of Shock by Vehumet.
  9508 | D:8      | Reached ** piety under Vehumet
  9533 | D:8      | Found a basalt altar of Yredelemnul.
  9539 | D:8      | Reached XP level 10. HP: 65/69 MP: 18/22
  9572 | D:8      | Reached skill level 12 in Conjurations
  9601 | D:8      | Reached *** piety under Vehumet
  9677 | D:8      | Offered knowledge of Frozen Ramparts by Vehumet.
  9699 | D:8      | Reached skill level 1 in Translocations
  9715 | D:8      | Found a shadowy altar of Dithmenos.
  9755 | D:8      | Found a runed translucent door.
  9755 | D:8      | Noticed a flayed ghost
  9760 | D:8      | Found a shadowy altar of Dithmenos.
  9763 | D:8      | Found a sparkling altar of Nemelex Xobeh.
  9803 | D:8      | Found a shimmering blue altar of Sif Muna.
  9828 | D:8      | Offered knowledge of Stone Arrow by Vehumet.
  9851 | D:8      | Reached **** piety under Vehumet
  9892 | D:8      | Found an iron altar of Okawaru.
  9985 | D:8      | Reached skill level 13 in Conjurations
 10062 | D:8      | Offered knowledge of Inner Flame by Vehumet.
 10063 | D:8      | Reached skill level 5 in Air Magic
 10569 | D:8      | Identified a scroll of acquirement
 10569 | D:8      | Acquired the ring of Eckiufus {rElec rC+ EV+4}
 10710 | D:2      | Bought the Incunabulum of Shape Shifting for 392 gold
                  | pieces
 10716 | D:2      | Learned a level 5 spell: Irradiate
 11045 | D:9      | Noticed Erica
 11362 | D:9      | Noticed Maurice
 11374 | D:9      | Killed Maurice
 11411 | D:9      | Noticed a cyclops
 11419 | D:9      | Killed a cyclops
 11420 | D:9      | Reached XP level 11. HP: 10/74 MP: 18/24
 11429 | D:9      | Noticed a centaur warrior
 11430 | D:9      | Shot with an arrow by a centaur warrior

Illustrated notes

Levels and vault maps discovered:
D:1:      heliophobic_arrival_henge, layout_basic,
          nicolae_ecumenical_snake_handling, kennysheep_another_room
D:2:      layout_rooms, serial_shops, nicolae_shop_waterfront, wad_orctagon
D:3:      layout_loops_ring, mrwooster_statue_mirror, dk_noncrumbling_3,
          minivault_19, minmay_misc_feat_encased, corexii_shack
D:4:      layout_loops_ring, ebering_ghost_reflecting_pool
D:5:      layout_rooms, gammafunk_temple_overflow_statue,
          minmay_temple_entry_waves, kennysheep_nondescript, minmay_door_square,
          guppyfry_early_lair_pool
D:6:      layout_loops_ring, lemuel_coloured_pillars_altar, kennysheep_diamond
D:7:      layout_basic, corexii_leaking_fountain, dk_vineyard_1, minivault_14,
          kennysheep_potato
D:8:      due_megacathedral, layout_basic, minmay_bent
D:9:      layout_cave_pools, david_orc_3, chequers_serial_rivers_marsh,
          minivault_28, uniq_maurice, uniq_erica
Temple:   mainiacjoe_temple_coin_purse

Skill      XL: |  1  2  3  4  5  6  7  8  9 10 |
---------------+-------------------------------+-----
Conjurations   | 5 6 7 8 10 11 13 | 13.5
Spellcasting   | 3 4 6 8 9 |  9.0
Air Magic      | 2 3 5 |  5.6
Translocations | 1 |  1.4
Maces & Flails | |  0.1
Dodging        | |  1.7
Stealth        | |  1.7

Action                   |  1- 3 |  4- 6 |  7- 9 | 10-12 || total
-------------------------+-------+-------+-------+-------++-------
Melee: Whip              |    22 |       |       |       ||    22
       Mace              |       |     6 |       |       ||     6
       Long sword        |       |       |     5 |     2 ||     7
 Cast: Magic Dart        |    66 |    78 |   119 |    85 ||   348
       Searing Ray       |     1 |    11 |    50 |    44 ||   106
       Mephitic Cloud    |       |       |     2 |     2 ||     4
       Fulminant Prism   |       |       |     3 |     3 ||     6
       Iskenderun's Myst |       |       |     1 |     1 ||     2
       Irradiate         |       |       |       |     1 ||     1
 Abil: Breathe Fire      |       |       |     5 |     2 ||     7
  Use: Scroll            |       |       |     9 |     8 ||    17
Armor: Skin              |     5 |     7 |    33 |    41 ||    86
Dodge: Dodged            |    21 |    14 |    60 |    84 ||   179
